 Dungeon Crawl Stone Soup version 0.26-a0-812-g31a745ddcd (webtiles) character file.

Game seed: 9729709612005982325

71 Lanoc the Skirmisher (level 4, 0/28 HPs)
             Began as a Gargoyle Warper on Nov 17, 2020.
             Slain by an adder (3 damage)
             ... on level 2 of the Dungeon.
             The game lasted 00:01:53 (1441 turns).

Lanoc the Skirmisher (Gargoyle Warper)              Turns: 1441, Time: 00:01:53

Health: 0/28       AC:  6    Str: 14    XL:     4   Next: 24%
Magic:  0/7        EV: 12    Int: 14    God:
Gold:   90         SH:  0    Dex: 10    Spells: 5/7 levels left

rFire    . . .     SeeInvis .   a - +0 spear
rCold    . . .     Faith    .   (no shield)
rNeg     + . .     Spirit   +   b - +0 leather armour
rPois    ∞         Reflect  .   (no helmet)
rElec    +         Harm     .   (no cloak)
rCorr    .         Rampage  .   (no gloves)
MR       +....                  (no boots)
Stlth    +.........             j - amulet of guardian spirit
HPRegen  0.09/turn              i - ring of protection from magic
MPRegen  0.10/turn              (no ring)

@: no status effects
A: negative energy resistance 1, electricity resistance, unbreathing,
petrification resistance, rot immunity, AC +3
a: no special abilities


You were on level 2 of the Dungeon.
You visited 1 branch of the dungeon, and saw 2 of its levels.

You collected 90 gold pieces.

Inventory:

Hand Weapons
 a - a +0 spear (weapon)
Missiles
 e - 4 boomerangs of dispersal (quivered)
 h - 4 atropa-tipped darts
Armour
 b - a +0 leather armour (worn)
Jewellery
 i - a ring of protection from magic (left hand)
 j - an amulet of guardian spirit (around neck)
Scrolls
 c - a scroll of magic mapping {unknown}
 d - a scroll of blinking
 f - a scroll of random uselessness {unknown}
 k - a scroll of noise {unknown}
 l - a scroll of remove curse {unknown}
 m - a scroll of identify {unknown}
Potions
 g - a potion of heal wounds {unknown}


   Skills:
 + Level 3.5 Fighting
 - Level 1.7 Polearms
 - Level 0.8 Throwing
 - Level 1.1 Armour
 + Level 2.6 Dodging
 - Level 2.0 Spellcasting
 + Level 3.0 Translocations


You had 5 spell levels left.
You knew the following spells:

 Your Spells              Type           Power        Failure   Level
a - Blink                 Tloc           N/A          13%         2

Your spell library contained the following spells:

 Spells                   Type           Power        Failure   Level
 Gell's Gravitas          Tloc           #.........   26%         3
 Lesser Beckoning         Tloc           #.........   26%         3
 Teleport Other           Tloc           #.......     26%         3
 Passage of Golubria      Tloc           N/A          63%         4


Dungeon Overview and Level Annotations

Branches:
Dungeon (2/15)

Altars:


Innate Abilities, Weirdness & Mutations

You are resistant to torment.
Your stone body is resilient. (AC +3)
You are immune to poison.
You resist negative energy. (rN+)
You are resistant to electric shocks. (rElec)
You can survive without breathing.
You are immune to petrification.
You are immune to rotting.


Message History

The adder is moderately wounded.
The adder misses you. The adder bites you.
* * * LOW HITPOINT WARNING * * *
You barely miss the adder.
The adder is moderately wounded.
The adder bites you.
* * * LOW HITPOINT WARNING * * *
You closely miss the adder.
The adder is moderately wounded.
The adder barely misses you.
Throwing (i - inventory. (/) - cycle)
e - 5 boomerangs of dispersal (quivered)
Press: ? - help, Shift-Dir - straight line, f - adder
Aim: an adder (moderately wounded)
You throw a boomerang of dispersal.
The boomerang of dispersal hits the adder but does no damage.
The adder is moderately wounded.
The adder closely misses you. The adder bites you.
* * * LOW HITPOINT WARNING * * *
The adder bites you.
You die...

...#....... #.###.#.##
....#......## #..##.#.##
.............# #....#...
.............# #........
.............## #.##.....
..............###.#......
.....#......<..#.........
.#...##...#.....##.....
###.S@.#.....#########
#.##.#.....#### ##..
#####w##...#......###...
..###....l.....#.......#....
............................
.#######...####....##).#....
#...# ##.....#.(.... #...#
#............ #....#
#..###.......


You could see an adder.

Vanquished Creatures
  2 adders (D:2)
  An ooze (D:1)
  4 dart slugs
  3 leopard geckos (D:1)
  3 giant cockroaches (D:1)
  6 goblins
  4 hobgoblins (D:1)
  2 jackals (D:2)
  A bat (D:1)
  2 frilled lizards (D:1)
  7 kobolds
  2 rats (D:1)
37 creatures vanquished.

Vanquished Creatures (others)
  A giant cockroach (D:1)
1 creature vanquished.

Grand Total: 38 creatures vanquished

Notes
Turn   | Place    | Note
-------+----------+-------------------------------------------
     0 | D:1      | Lanoc the Gargoyle Warper began the quest for the Orb.
     0 | D:1      | Reached XP level 1. HP: 12/12 MP: 3/3
   126 | D:1      | Reached XP level 2. HP: 18/18 MP: 5/5
   347 | D:1      | Reached XP level 3. HP: 13/23 MP: 6/6
   535 | D:1      | Learned a level 2 spell: Blink
  1086 | D:2      | Reached XP level 4. HP: 8/28 MP: 7/7
  1441 | D:2      | Slain by an adder

Illustrated notes

Levels and vault maps discovered:
D:1:      dpeg_arrival_arbitrary_c, layout_basic, minmay_misc_feat_chi,
          minmay_tripent
D:2:      layout_rooms

Skill      XL: |  1  2  3  4 |
---------------+-------------+-----
Dodging        | 2 |  2.6
Fighting       | 3 |  3.5
Translocations | 3 |  3.0
Polearms       | |  1.7
Throwing       | |  0.8
Armour         | |  1.1
Spellcasting   | |  2.0

Action                   |  1- 3 |  4- 6 || total
-------------------------+-------+-------++-------
Melee: Spear             |   174 |    58 ||   232
Throw: Boomerang         |       |     1 ||     1
Armor: Leather armour    |    72 |    14 ||    86
Dodge: Dodged            |   128 |    43 ||   171

Table legend: (Time is in decaauts)
 A = Elapsed time spent in this place.
 B = Non-inter-level travel time spent in this place.
 C = Inter-level travel time spent in this place.
 D = Time resting spent in this place.
 E = Time spent auto-exploring this place.
 F = Levels seen in this place.
 G = Mean time per level.
                   A        B        C        D        E       F      G
               +--------+--------+--------+--------+--------+-----+--------+
         Total |   1444 |   1427 |     17 |      0 |   1101 |   2 |  722.0 |
       Dungeon |   1444 |   1427 |     17 |      0 |   1101 |   2 |  722.0 |
               +--------+--------+--------+--------+--------+-----+--------+

Top non-repeatable levels by time:
     D:1: 1063 daAuts
     D:2: 380 daAuts
